 Dungeon Crawl Stone Soup version 0.22-a0-374-g5dfd9e3 (webtiles) character file.

382 seren the Ruffian (level 6, 5/51 HPs)
             Began as a Barachi Fighter on Apr 26, 2018.
             Was an Initiate of Cheibriados.
             Quit the game on level 5 of the Dungeon.
             The game lasted 00:12:34 (2886 turns).

seren the Ruffian (Barachi Fighter)                 Turns: 2886, Time: 00:12:35

Health: 5/51       AC: 12    Str: 19    XL:     6   Next: 76%
Magic:  7/7        EV:  7    Int: 11    God:    Cheibriados [......]
Gold:   145        SH:  9    Dex: 12    Spells: 5/5 levels left

rFire    . . .     SeeInvis .     - Unarmed
rCold    + . .     Gourm    .   b - +0 shield
rNeg     . . .     Faith    .   i - +2 scale mail {rC+}
rPois    .         Spirit   .   (no helmet)
rElec    .         Reflect  .   (no cloak)
rCorr    .         Harm     .   q - +2 pair of gloves
MR       .....                  (no boots)
Stlth    ..........             k - amulet of regeneration
HPRegen  0.17/turn              (no ring)
MPRegen  0.10/turn              (no ring)

@: very slow
A: +LOS, swims, slowness 1, strong legs 1
a: Hop, Bend Time, Renounce Religion


You were on level 5 of the Dungeon.
You worshipped Cheibriados.
Cheibriados was noncommittal.
You were not hungry.

You visited 2 branches of the dungeon, and saw 6 of its levels.

You collected 145 gold pieces.

Inventory:

Missiles
 j - 69 stones (quivered)
Armour
 b - a +0 shield (worn)
 i - a +2 scale mail of cold resistance (worn)
 q - a +2 pair of gloves (worn)
Jewellery
 k - an amulet of regeneration (around neck)
Wands
 l - a wand of acid (9)
Scrolls
 n - 2 scrolls of remove curse
Potions
 c - 2 potions of curing
 f - a potion of resistance {unknown}
 m - a potion of agility
 o - a potion of heal wounds
 r - a potion of flight
Comestibles
 a - a chunk of flesh
 d - 5 rations


   Skills:
 + Level 5.6 Fighting
 - Level 4.0 Armour
 - Level 3.2 Shields
 * Level 6.0 Unarmed Combat
 + Level 0.5 Invocations
 + Level 1.4 Evocations


You had 5 spell levels left.
You didn't know any spells.

Dungeon Overview and Level Annotations

Branches:
Dungeon (5/15)             Temple (1/1) D:5

Altars:
Ashenzari
Cheibriados
Dithmenos
Elyvilon
Fedhas
Gozag
Hepliaklqana
Kikubaaqudgha
Makhleb
Nemelex Xobeh
Okawaru
Qazlal
Ru
Sif Muna
Trog
Uskayaw
Vehumet
Wu Jian
Xom
Yredelemnul
Zin
The Shining One

Annotations:
D:4 p0werm0de's ghost, amateur DDFi
D:5 Blork the orc; Sigmund


Innate Abilities, Weirdness & Mutations

Shadows flee at your approach. (+LOS)
You can swim through water.
You cover ground slowly.
You can hop short distances.


Message History

* * * LOW HITPOINT WARNING * * *
Sigmund screams, "Only death can liberate you!"
Sigmund closely misses you. The orc hits you but does no damage.
Blork the orc hits you but does no damage.
The orc barely misses you. Sigmund hits you but does no damage.
Blork the orc zaps a wand.
You resist with some effort.
The orc curses loudly.
The orc priest calls down the wrath of Beogh upon you.
Beogh smites you!
* * * LOW HITPOINT WARNING * * *
The orc priest miscasts a cantrip.
Sigmund gestures wildly while chanting.
Sigmund flickers and vanishes!
Deactivating autopickup; reactivate with Ctrl-A.
You block Blork the orc's attack.
The orc priest invokes the aid of Beogh against you.
You barely resist.
Unknown command.
Are you sure you want to abandon this character and quit the game? (Confirm with "yes".)

##### ####...####
###.(....o..##
#.......oo@..#
#........o...#
#...........##
#...........#
#..........##
#..........#
##.........## ####
#.......#..#####..#
##.....###...##..##


You could see Blork the orc, an orc priest and 2 orcs.

Vanquished Creatures
  2 howler monkeys
  A hound (D:5)
  An orc wizard (D:4)
  An orc priest (D:4)
  Terence (D:3)
  10 adders
  An ooze (D:3)
  2 dart slugs
  7 leopard geckos
  8 orcs
  4 bats
  4 giant cockroaches
  7 goblins (D:1)
  6 hobgoblins
  12 jackals
  4 kobolds
  A quokka (D:2)
  2 frilled lizards
  11 rats
85 creatures vanquished.

Notes
Turn   | Place    | Note
-------+----------+-------------------------------------------
     0 | D:1      | seren the Barachi Fighter began the quest for the Orb.
     0 | D:1      | Reached XP level 1. HP: 18/18 MP: 1/1
   290 | D:1      | Reached XP level 2. HP: 25/25 MP: 2/2
   463 | D:1      | Reached skill level 3 in Unarmed Combat
   664 | D:1      | Reached XP level 3. HP: 29/30 MP: 3/3
  1161 | D:2      | Reached XP level 4. HP: 37/37 MP: 4/4
  1326 | D:2      | Reached skill level 4 in Unarmed Combat
  1862 | D:3      | Reached XP level 5. HP: 40/43 MP: 5/5
  1949 | D:3      | Noticed Terence
  1965 | D:3      | Killed Terence
  2012 | D:3      | Found an iron altar of Okawaru.
  2055 | D:4      | Reached skill level 5 in Fighting
  2055 | D:4      | Reached skill level 5 in Unarmed Combat
  2270 | D:4      | Reached XP level 6. HP: 51/51 MP: 6/6
  2397 | D:4      | Reached skill level 1 in Evocations
  2450 | D:4      | Noticed p0werm0de's ghost (amateur DDFi)
  2531 | D:5      | Entered Level 5 of the Dungeon
  2531 | D:5      | Found a staircase to the Ecumenical Temple.
  2539 | Temple   | Entered the Ecumenical Temple
  2627 | Temple   | Became a worshipper of Cheibriados the Contemplative
  2728 | D:5      | Reached skill level 6 in Unarmed Combat
  2805 | D:5      | Noticed Blork the orc
  2872 | D:5      | Noticed Sigmund
  2886 | D:5      | Quit the game

Vault maps used:
D:1:      evilmike_arrival_hilbert_curve
D:3:      nicolae_overflow_hidden_temple, first_ration, led_sif_pool,
          uniq_terence
D:5:      minmay_temple_entry_butterflies, portal_sewer_entry_d,
          minmay_gold_behind_fungi, st_stairs_14, uniq_blork_the_orc,
          uniq_sigmund
Temple:   kilobyte_greek_temple

Skill      XL: |  1  2  3  4  5  6 |
---------------+-------------------+-----
Unarmed Combat | 3 4 5 6 |  6.0
Armour         | 4 |  4.0
Fighting       | 4 5 |  5.6
Evocations     | 1 |  1.4
Shields        | |  3.2
Invocations    | |  0.5

Action                   |  1- 3 |  4- 6 || total
-------------------------+-------+-------++-------
Melee: Unarmed           |   150 |   307 ||   457
Throw: Stone             |     3 |    26 ||    29
  Use: Scroll            |       |    10 ||    10
       Potion            |       |     3 ||     3
  Eat: Chunk             |     1 |     7 ||     8
Armor: Scale mail        |    73 |    99 ||   172
       Ring mail         |       |    23 ||    23
       Skin              |       |     1 ||     1
Dodge: Dodged            |    51 |    84 ||   135
Block: Shield            |    56 |   120 ||   176

Table legend:
 A = Spawn XP
 B = Non-spawn XP
 C = Spawn XP percentage of total XP
 D = Spawn monster count
 E = Non-spawn monster count
 F = Spawn count percentage of total count
 G = Total turns spent on level
                    A         B        C        D         E        F      G
               +---------+---------+-------+---------+---------+-------+---------
         Total |       0 |     547 |   0.0 |       0 |      85 |   0.0 |  2886
               +---------+---------+-------+---------+---------+-------+---------
           D:1 |       0 |      49 |   0.0 |       0 |      25 |   0.0 |   957
           D:2 |       0 |      94 |   0.0 |       0 |      25 |   0.0 |   839
           D:3 |       0 |      79 |   0.0 |       0 |      17 |   0.0 |   297
           D:4 |       0 |     214 |   0.0 |       0 |      15 |   0.0 |   438
           D:5 |       0 |     111 |   0.0 |       0 |       3 |   0.0 |   226
               +---------+---------+-------+---------+---------+-------+---------
